[ AOE2 MATCH · #513578628 ]
UnrankedByzantines vs Civ #62
Player's team · LOSS
Rival team · WIN
[ REPLAY ANALYSIS · EXTRACTED FROM THE RECORDED GAME ]
Feudal
8:50
Castle
—
Imperial
—
| APM avg | 79.5 |
| APM peak | 100 |
| eAPM avg | 19.9 |
| Villagers / military | 22 / 0 |
Focus
⚔️ 35.7% · 🌾 64.3%
Feudal
—
Castle
—
Imperial
—
| APM avg | 64.0 |
| APM peak | 111 |
| eAPM avg | 24.6 |
| Villagers / military | 22 / 3 |
Focus
⚔️ 41.3% · 🌾 58.7%
Militia ×3
Match map
Initial resources + every placement click. Lines = walls · curves = elevation contours. ◆ gold · ⬟ stone · ● berries · ✦ relic · ◌ wall gap
Your base
pren's base
Smoothed initial terrain · ◌ = detected wall gap · hover for details
Inputs per minute
— _Hallis - - pren
Build order — _Hallis
34 actions detected in the replay
| 0:00 | queue | Villager (Male) |
| 0:00 | queue | Villager (Male) |
| 0:02 | Build | House |
| 0:02 | Build | House |
| 0:09 | queue | Villager (Male) |
| 0:10 | queue | Villager (Male) |
| 1:31 | queue | Villager (Male) |
| 1:49 | queue | Villager (Male) |
| 2:12 | Build | Lumber Camp |
| 2:21 | queue | Villager (Male) |
| 2:38 | queue | Villager (Male) |
| 2:42 | Build | House |
| 3:00 | queue | Villager (Male) |
| 3:35 | queue | Villager (Male) |
| 3:51 | queue | Villager (Male) |
| 4:19 | queue | Villager (Male) |
| 4:38 | Build | Mill |
| 4:39 | queue | Villager (Male) |
| 5:06 | queue | Villager (Male) |
| 5:12 | Build | Palisade Wall |
| 5:22 | Research | Loom |
| 5:23 | queue | Villager (Male) |
| 5:23 | Research | Loom |
| 6:29 | Build | House |
| 6:33 | Research | Feudal Age |
| 6:58 | queue | Villager (Male) |
| 8:01 | queue | Villager (Male) |
| 8:15 | Build | House |
| 8:50 | Age | Feudal Age |
| 8:56 | queue | Villager (Male) |
| 9:09 | queue | Villager (Male) |
| 9:21 | queue | Villager (Male) |
| 9:33 | queue | Villager (Male) |
| 9:44 | queue | Villager (Male) |
Build order — pren
30 actions detected in the replay
| 0:00 | queue | Villager (Male) ×4 |
| 0:02 | Build | House |
| 0:03 | Build | House |
| 1:28 | queue | Villager (Male) |
| 2:02 | queue | Villager (Male) |
| 2:22 | queue | Villager (Male) |
| 2:38 | Build | Barracks |
| 2:49 | queue | Villager (Male) |
| 2:49 | queue | Villager (Male) |
| 3:26 | queue | Villager (Male) |
| 3:42 | queue | Villager (Male) |
| 4:04 | queue | Villager (Male) |
| 4:10 | Build | House |
| 4:27 | queue | Villager (Male) |
| 4:37 | queue | Militia |
| 4:37 | queue | Militia |
| 4:43 | Build | House |
| 5:24 | queue | Villager (Male) |
| 5:25 | queue | Militia |
| 5:37 | queue | Villager (Male) |
| 5:41 | Build | Lumber Camp |
| 6:06 | queue | Villager (Male) |
| 6:14 | queue | Villager (Male) |
| 6:24 | queue | Villager (Male) |
| 6:34 | Build | House |
| 6:51 | Research | Loom |
| 7:31 | queue | Villager (Male) |
| 8:02 | queue | Villager (Male) |
| 8:44 | queue | Villager (Male) |
| 9:31 | queue | Villager (Male) |
Match timeline
| 2:38 | pren · first_building Barracks |
| 5:12 | _Hallis · wall_segment Palisade Wall x8 |
| 8:50 | _Hallis · age_up feudal |
| 10:01 | _Hallis · resign |
[ AI ANALYSIS · 1 CREDIT ]
What really happened in this match?
Wolo.gg analyzes every decision: build order, eco, micro, common mistakes by bracket. Personalized analysis on WhatsApp or Discord in 30 seconds.
Civ guide
Byzantines
Perfil
Jugador #250103